AoeStats
← Ken

Arabia

505239769Analyzed
1v1 RM · 23d ago on Sep 8, 2026· 50m 1s· 2 players
Game mode
Random Map
Map size
Tiny (2 player)
Population
200
Speed
Normal
Resources
Standard
Victory
Conquest
Starting age
Dark Age
Ending age
Imperial Age
RankedLock teamsTeams togetherTeam positionsShared explorationLock speedFull tech treeHidden civsTurbo modeCheats
Victory
Defeat
🇨🇳 Franks · China
933
+14
🇨🇴 Magyars · Colombia
883
-14
Ken
0:58 Loom
11:00 Feudal Age
17:45 Double-Bit Axe
22:34 Castle Age
22:53 Padded Archer Armor
22:43 Fletching
22:54 Fletching
23:05 Padded Archer Armor
28:14 Wheelbarrow
28:30 Forging
28:34 Elite Skirmisher
29:45 Husbandry
32:14 Gold Mining
32:43 Hand Cart
32:36 Stone Mining
37:11 Bodkin Arrow
40:36 Imperial Age
38:54 Murder Holes
39:20 Ballistics
40:50 Gold Shaft Mining
41:44 Conscription
41:25 Chivalry
40:47 Cavalier
43:14 Scale Barding Armor
45:40 Chemistry
45:24 Heavy Scorpion
46:21 Padded Archer Armor
49:31 Squires
49:16 Arson
49:53 Scale Mail Armor
Coronel Aureliano Buendía
6:57 Loom
9:55 Feudal Age
10:59 Double-Bit Axe
20:27 Castle Age
20:19 Gold Mining
20:13 Horse Collar
21:44 Wheelbarrow
25:25 Light Cavalry
26:16 Bloodlines
27:43 Fletching
30:41 Husbandry
30:52 Thumb Ring
31:28 Padded Archer Armor
34:14 Bodkin Arrow
34:25 Scale Barding Armor
34:36 Leather Archer Armor
34:23 Town Watch
38:58 Imperial Age
40:57 Chemistry
47:17 Hussar
Connection lost

Rejoining the realm…

Still unreachable

The connection could not be restored.

Session expired

The server has moved on; the page needs a fresh start.